 Dungeon Crawl Stone Soup version 0.21.1-1-g345015fe64 (webtiles) character file.

23 Ikesh the Grave Robber (level 2, -7/19 HPs)
             Began as a Mummy Necromancer on June 9, 2018.
             Engulfed by a cloud of flame (24 damage)
             ... on level 2 of the Dungeon.
             The game lasted 00:04:59 (585 turns).

Ikesh the Grave Robber (Mummy Necromancer)           Turns: 585, Time: 00:05:00

Health: -7/19      AC:  2    Str: 11    XL:     2   Next: 75%
Magic:  4/6        EV: 12    Int: 14    God:
Gold:   88         SH:  0    Dex: 12    Spells: 6/7 levels left

rFire    . . .     SeeInvis .   f - +0 dagger
rCold    . . .     Gourm    .   (no shield)
rNeg     + + +     Faith    .   a - +0 robe
rPois    ∞         Spirit   .   (no helmet)
rElec    .         Reflect  .   (no cloak)
rCorr    .         Harm     .   (no gloves)
MR       .....                  (no boots)
Stlth    ++........             (no amulet)
HPRegen  0.06/turn              c - ring of fire
MPRegen  0.10/turn              (no ring)

@: no status effects
A: no food or potions, fire vulnerability, cold resistance 1, negative energy
resistance 3, torment resistance, unbreathing
a: no special abilities


You were on level 2 of the Dungeon.
You were not hungry.

You visited 1 branch of the dungeon, and saw 2 of its levels.

You collected 88 gold pieces.

Inventory:

Hand Weapons
 f - a +0 dagger (weapon)
Armour
 a - a +0 robe (worn)
Jewellery
 c - a ring of fire (left hand)
Scrolls
 e - a scroll of immolation {unknown}
Books
 b - a book of Necromancy

   Spells                             Type                      Level
   a - Pain                           Necromancy                   1
   b - Animate Skeleton               Necromancy                   1
   c - Vampiric Draining              Necromancy                   3
   d - Regeneration                   Charms/Necromancy            3
   e - Animate Dead                   Necromancy                   4
   f - Borgnjor's Vile Clutch         Necromancy/Earth             5


   Skills:
 + Level 1.6 Dodging
 + Level 1.6 Stealth
 + Level 3.1 Spellcasting
 + Level 4.6 Necromancy


You had 6 spell levels left.
You knew the following spells:

 Your Spells              Type           Power        Failure   Level  Hunger
a - Pain                  Necr           ###.         3%          1    N/A

Dungeon Overview and Level Annotations

Branches:
Dungeon (2/15)

Altars:
Vehumet


Innate Abilities, Weirdness & Mutations

You do not eat or drink.
Your flesh is vulnerable to fire.
You are immune to poison.
Your flesh is cold resistant. (rC+)
You are immune to negative energy. (rN+++)
You are immune to unholy pain and torment.
You can survive without breathing.


Message History

The orc writhes in agony!
The orc closely misses you.
Casting: Pain
Confirm with . or Enter, or press ? or * to list all spells.
Aiming: Pain
Press: ? - help, Shift-Dir - straight line, f/p - orc
Aim: an orc, wielding a club and wearing a leather armour (severely wounded, chance to defeat MR: 85%)
The orc barely resists.
The orc hits you with a club.
Casting: Pain
Confirm with . or Enter, or press ? or * to list all spells.
Aiming: Pain
Press: ? - help, Shift-Dir - straight line, f/p - orc
Aim: an orc, wielding a club and wearing a leather armour (severely wounded, chance to defeat MR: 85%)
The orc writhes in agony!
You kill the orc!
Things that are here:
a club; a leather armour; an orc corpse You start resting.
You are engulfed in blazing flames.
Ouch! That really hurt!
You die...

#. #.# #.##.# .##.#+#### #.#
#.##.# ........#### #.# #.##.#
#.........## #.# #.##.#
+..........## #.###.##.#
######......§..§.# #.#...##.#
....##.........§.# #.#.####.#
....##........_..#######........#
....##......§§§§@...............#
....##........§..#########.####.#
....##†.....###### #......#
...........## ########
#..#######..... ##...# #.####
.........#.# .......#.#.#
.8o..8.# #.#


There were no monsters in sight!

Vanquished Creatures
  An ooze (D:2)
  A leopard gecko (D:2)
  An orc (D:2)
  A giant cockroach (D:2)
  4 goblins
  A hobgoblin (D:2)
  2 kobolds
  2 bats (D:1)
  A frilled lizard (D:2)
  2 rats (D:1)
16 creatures vanquished.

Vanquished Creatures (others)
  A frilled lizard (D:2)
1 creature vanquished.

Grand Total: 17 creatures vanquished

Notes
Turn   | Place    | Note
-------+----------+-------------------------------------------
     0 | D:1      | Ikesh the Mummy Necromancer began the quest for the Orb.
     0 | D:1      | Reached XP level 1. HP: 13/13 MP: 4/4
   243 | D:1      | You fall through a shaft!
   334 | D:2      | Reached XP level 2. HP: 19/19 MP: 3/6
   512 | D:2      | Found a radiant altar of Vehumet.
   585 | D:2      | Engulfed by a cloud of flame

Skill      XL: |  1 |
---------------+----+-----
Spellcasting   | 3 |  3.1
Dodging        | |  1.6
Stealth        | |  1.6
Necromancy     | |  4.6

Action                   || total
-------------------------++-------
Melee: Dagger            ||     3
 Cast: Pain              ||    23
 Stab: Sleeping          ||     3
Armor: Robe              ||     2
Dodge: Dodged            ||     4
